 Dungeon Crawl Stone Soup version 0.24.0-123-gd5b16e6ec5 (webtiles) character file.

Game seed: 11325385794691380490, levelgen mode: deterministic

469 Delamore the Cleaver (level 7, 0/57 HPs)
             Began as a Hill Orc Fighter on Dec 22, 2019.
             Succumbed to Edmund's poison
             ... on level 4 of the Dungeon.
             The game lasted 00:05:33 (2920 turns).

Delamore the Cleaver (Hill Orc Fighter)             Turns: 2920, Time: 00:05:34

Health: 0/57       AC:  6    Str: 26    XL:     7   Next: 9%
Magic:  7/7        EV:  9    Int:  8    God:
Gold:   212        SH:  9    Dex: 10    Spells: 6/6 levels left

rFire    . . .     SeeInvis .   a - +0 war axe
rCold    . . .     Gourm    .   c - +0 shield
rNeg     . . .     Faith    +   b - +0 scale mail
rPois    +         Spirit   .   (no helmet)
rElec    .         Reflect  .   (no cloak)
rCorr    .         Harm     .   (no gloves)
MR       .....                  (no boots)
Stlth    ..........             E - amulet of faith
HPRegen  0.19/turn              D - ring of poison resistance
MPRegen  0.10/turn              o - +2 ring of evasion

@: mighty, lethally poisoned (0 -> -14)
A: no striking features
a: no special abilities


You were on level 4 of the Dungeon.
You were not hungry.

You visited 1 branch of the dungeon, and saw 4 of its levels.

You collected 212 gold pieces.

Inventory:

Hand Weapons
 a - a +0 war axe (weapon)
Missiles
 g - 7 silver javelins (quivered)
Armour
 b - a +0 scale mail (worn)
 c - a +0 shield (worn)
Jewellery
 e - an uncursed ring of positive energy
 j - an uncursed ring of flight
 o - a +2 ring of evasion (right hand)
 D - a ring of poison resistance (left hand)
 E - an amulet of faith (around neck)
Wands
 B - a wand of acid (2)
Scrolls
 n - 7 scrolls of teleportation {unknown}
 q - a scroll of remove curse {unknown}
 s - 3 scrolls of fog {unknown}
 t - a scroll of immolation {unknown}
 u - a scroll of enchant armour {unknown}
 v - a scroll of magic mapping {unknown}
 w - a scroll of enchant weapon {unknown}
 A - a scroll of fear {unknown}
Potions
 h - 3 potions of brilliance
 i - 2 potions of curing
 l - a potion of agility
 m - a potion of ambrosia
 p - a potion of berserk rage {unknown}
 r - a potion of haste
Comestibles
 f - 13 rations


   Skills:
 - Level 3.6 Fighting
 + Level 9.7 Axes
 - Level 3.2 Armour
 - Level 3.2 Shields


You had 6 spell levels left.
You didn't know any spells.
Your spell library was empty.

Dungeon Overview and Level Annotations

Branches:
Dungeon (4/15)
 Temple: D:4-7

Altars:
Ru
Yredelemnul

Shops:
D:4 =


Message History

Your shield and scale mail prevent you from hitting Edmund.
Edmund is severely wounded.
Edmund hits you with a +0 flail of venom.
* * * LOW HITPOINT WARNING * * *
You are more poisoned.
You closely miss Edmund.
Edmund is severely wounded.
You feel sick.
Edmund hits you with a +0 flail of venom.
* * * LOW HITPOINT WARNING * * *
You are more poisoned.
You feel very mighty all of a sudden.
* * * LOW HITPOINT WARNING * * *
You feel sick.
Edmund hits you with a +0 flail of venom.
* * * LOW HITPOINT WARNING * * *
You slice Edmund!!
You kill Edmund!
You have reached level 7!
You die...

#...... ##......#
...... #......##
####....#######.....#
#..#....##...##.....#
#............##...#####
#......≈≈.≈≈.##..>###..
#.%....≈#+#≈...........
#.......'∩'............
##...)@≈#+#≈...........
###'##≈≈.≈≈.##...##...
.. ...#....##.))##...
#. ...#..(......+.... #
....#........)#....
.%@..#....##...##...
......#....##...##...
.##....#...##...
#...##...##+##


There were no monsters in sight!

Vanquished Creatures
  Edmund (D:4)
  An ice beast (D:4)
  2 orc priests
  2 worker ants (D:4)
  An orc wizard (D:3)
  A hound skeleton (D:3)
  4 adders
  3 worms
  4 dart slugs (D:2)
  4 leopard geckos
  6 orcs
  8 giant cockroaches
  10 goblins
  9 hobgoblins
  A quokka (D:2)
  11 bats
  6 frilled lizards
  2 gnoll zombies (D:2)
  9 kobolds
  A quokka skeleton (D:4)
  7 rats
93 creatures vanquished.

Notes
Turn   | Place    | Note
-------+----------+-------------------------------------------
     0 | D:1      | Delamore the Hill Orc Fighter began the quest for the Orb.
     0 | D:1      | Reached XP level 1. HP: 19/19 MP: 1/1
    59 | D:1      | Reached skill level 3 in Axes
   146 | D:1      | Reached XP level 2. HP: 26/26 MP: 2/2
   181 | D:1      | Reached skill level 4 in Axes
   471 | D:2      | Reached XP level 3. HP: 31/31 MP: 3/3
   647 | D:2      | Reached skill level 5 in Axes
  1008 | D:2      | Found a basalt altar of Yredelemnul.
  1162 | D:2      | Reached XP level 4. HP: 39/39 MP: 4/4
  1203 | D:2      | Reached skill level 6 in Axes
  1792 | D:2      | Reached XP level 5. HP: 22/45 MP: 5/5
  1995 | D:3      | Reached skill level 7 in Axes
  2312 | D:3      | Found a sacrificial altar of Ru.
  2629 | D:4      | Reached skill level 8 in Axes
  2629 | D:4      | Reached XP level 6. HP: 44/51 MP: 6/6
  2887 | D:4      | Found Dimymyf's Jewellery Boutique.
  2891 | D:4      | Noticed Edmund
  2891 | D:4      | Noticed an ice beast
  2906 | D:4      | Killed an ice beast
  2906 | D:4      | Reached skill level 9 in Axes
  2919 | D:4      | HP: 1/51 [Edmund/+0 flail of venom (4)]
  2920 | D:4      | Killed Edmund
  2920 | D:4      | Reached XP level 7. HP: 1/57 MP: 7/7
  2920 | D:4      | Succumbed to Edmund's poison

Levels and vault maps discovered:
D:1:      dpeg_arrival_orchard, layout_rooms, minmay_distorted
D:2:      minmay_chambers_of_ones, layout_rooms,
          lemuel_zombie_altar_yredelemnul, first_ration,
          minmay_fractal_squares_5
D:3:      layout_basic, nicolae_ru_the_path_less_chosen
D:4:      layout_gridville, serial_shops, kennysheep_mini_moat, uniq_edmund

Skill      XL: |  1  2  3  4  5  6 |
---------------+-------------------+-----
Axes           | 3 4 5 6 8 9 |  9.7
Fighting       | |  3.6
Armour         | |  3.2
Shields        | |  3.2

Action                   |  1- 3 |  4- 6 |  7- 9 || total
-------------------------+-------+-------+-------++-------
Melee: War axe           |   133 |   180 |       ||   313
Evoke: Wand              |       |     1 |       ||     1
  Use: Scroll            |       |     6 |       ||     6
       Potion            |       |     4 |       ||     4
  Eat: Chunk             |     1 |     6 |       ||     7
Armor: Scale mail        |    58 |    84 |       ||   142
Dodge: Dodged            |    49 |    72 |       ||   121
Block: Shield            |    63 |   108 |       ||   171
